 Dungeon Crawl Stone Soup version 0.14.2 (webtiles) character file.

525 Amnesiac the Charlatan (level 6, -2/30 HPs)
             Began as a Spriggan Artificer on Feb 10, 2018.
             Killed from afar by an orc wizard (10 damage)
             ... with a magic dart
             ... on Level 4 of the Dungeon.
             The game lasted 00:08:19 (4729 turns).

Amnesiac the Charlatan (Spriggan Artificer)         Turns: 4729, Time: 00:08:19

HP  -2/30        AC  2     Str  9      XL: 6   Next: 38%
MP  17/17        EV 19     Int 13      God:
Gold 164         SH  0     Dex 17      Spells:  0 memorised,  5 levels left

rFire  . . .     SeeInvis +     a - +0 sling
rCold  . . .     Clarity  .     e - +0 robe
rNeg   . . .     Conserve .     (shield restricted)
rPois  .         rCorr    +     (helmet restricted)
rElec  .         rRot     .     (no cloak)
SustAb . .       Spirit   .     (gloves unavailable)
rMut   .         Warding  .     (boots unavailable)
Saprov . . .     Stasis   .     C - amulet of resist corrosion {unknown}
MR     +....                    (no ring)
                                z - ring of wizardry

@: very quick, somewhat resistant to hostile enchantments, stealthy
A: unfitting armour, see invisible, herbivore 3, speed 3, slow metabolism 2
a: no special abilities


You were on level 4 of the Dungeon.
You were full.

You visited 2 branches of the dungeon, and saw 5 of its levels.

You collected 164 gold pieces.

Inventory:

Hand weapons
 a - a +0,+0 sling (weapon)
 b - a +0,+0 mace
Missiles
 x - 54 stones (quivered)
 E - 6 needles of confusion
Armour
 e - a +0 robe (worn)
Magical devices
 c - a wand of enslavement (15)
 d - a wand of random effects (11)
 o - a wand of flame (10)
Comestibles
 j - 2 chokos
 A - 3 bread rations
Scrolls
 g - a scroll of enchant weapon I {!r, unknown}
 h - 2 scrolls of amnesia {!r, unknown}
 l - a scroll of noise {!r, unknown}
 q - a scroll of enchant armour {!r, unknown}
 r - 3 scrolls of remove curse {!r, unknown}
 s - 2 scrolls of teleportation {!r, unknown}
 t - 5 scrolls of identify {!r, unknown}
 v - 5 scrolls of magic mapping {!r, unknown}
Jewellery
 y - an uncursed amulet of stasis {unknown}
 z - a ring of wizardry (left hand)
 C - an amulet of resist corrosion (around neck) {unknown}
 F - a cursed -3 ring of intelligence {unknown}
Potions
 f - a potion of poison {!q, unknown}
 i - a potion of resistance {!q, unknown}
 k - 2 potions of invisibility {!q, unknown}
 m - 2 potions of agility {!q, unknown}
 n - 5 potions of curing {!q, unknown}
 u - a potion of restore abilities {!q, unknown}
 w - a potion of haste {!q, unknown}
 B - a potion of confusion {!q, unknown}
 D - a potion of lignification {!q, unknown}


   Skills:
 + Level 1.7 Fighting
   Level 1.1 Short Blades
 - Level 5.0 Slings
 + Level 2.7 Throwing
 + Level 4.3 Dodging
 - Level 3.0 Stealth
 * Level 5.6 Evocations


You had 5 spell levels left.
You didn't know any spells.

Dungeon Overview and Level Annotations

Branches:
Dungeon (4/15)             Temple (1/1) D:4

Altars:
Cheibriados
Dithmenos
Elyvilon
Okawaru
Sif Muna
Trog
Vehumet
Xom
Yredelemnul
Zin
The Shining One


Innate Abilities, Weirdness & Mutations

You are tiny and cannot use many weapons and most armour.
You have supernaturally acute eyesight.
You are a herbivore.
You cover ground extremely quickly.
You need consume almost no food.


Message History

The orc wizard is severely wounded.
The orc wizard completely misses you.
Firing (i - inventory):
x - 63 stones (quivered)
Press: ? - help, Shift-Dir - straight line, f/p - orc wizard
Aim: an orc wizard, wielding a mace and wearing a robe (severely wounded, moving very quickly)
You shoot a stone. The stone misses the orc wizard.
The orc wizard closely misses you.
Firing (i - inventory):
x - 62 stones (quivered)
Press: ? - help, Shift-Dir - straight line, f/p - orc wizard
Aim: an orc wizard, wielding a mace and wearing a robe (severely wounded, moving very quickly)
You shoot a stone. The stone misses the orc wizard.
The orc wizard hits you with a mace. The orc wizard casts a spell at you.
The magic dart hits you!
Firing (i - inventory):
x - 61 stones (quivered)
Press: ? - help, Shift-Dir - straight line, f/p - orc wizard
Aim: an orc wizard, wielding a mace and wearing a robe (severely wounded, moving very quickly)
You shoot a stone. The stone misses the orc wizard.
The orc wizard misses you.
Firing (i - inventory):
x - 60 stones (quivered)
Press: ? - help, Shift-Dir - straight line, f/p - orc wizard
Aim: an orc wizard, wielding a mace and wearing a robe (severely wounded, moving very quickly)
You shoot a stone. The stone hits the orc wizard.
The orc wizard is severely wounded.
The orc wizard misses you.
Firing (i - inventory):
x - 59 stones (quivered)
Press: ? - help, Shift-Dir - straight line, f/p - orc wizard
Aim: an orc wizard, wielding a mace and wearing a robe (severely wounded, moving very quickly)
You shoot a stone. The stone hits the orc wizard.
The orc wizard is severely wounded.
The orc wizard drinks a potion.
The orc wizard is healed!
The orc wizard hits you with a mace.
Firing (i - inventory):
x - 58 stones (quivered)
Press: ? - help, Shift-Dir - straight line, f/p - orc wizard
Aim: an orc wizard, wielding a mace and wearing a robe (lightly wounded, moving very quickly)
You shoot a stone. The stone hits the orc wizard.
The orc wizard is moderately wounded.
The orc wizard gestures wildly while chanting.
The orc wizard blinks!
Firing (i - inventory):
x - 57 stones (quivered)
Press: ? - help, Shift-Dir - straight line, f/p - orc wizard
Aim: an orc wizard, wielding a mace and wearing a robe (moderately wounded, moving very quickly)
You shoot a stone. The stone misses the orc wizard.
Firing (i - inventory):
x - 56 stones (quivered)
Press: ? - help, Shift-Dir - straight line, f/p - orc wizard
Aim: an orc wizard, wielding a mace and wearing a robe (moderately wounded, moving very quickly)
You shoot a stone. The stone misses the orc wizard.
The orc wizard casts a spell at you. The magic dart hits you!
* * * LOW HITPOINT WARNING * * *
Firing (i - inventory):
x - 55 stones (quivered)
Press: ? - help, Shift-Dir - straight line, f/p - orc wizard
Aim: an orc wizard, wielding a mace and wearing a robe (moderately wounded, moving very quickly)
You shoot a stone. The stone hits the orc wizard.
The orc wizard is moderately wounded.
Evoke which item? (* to show all) (? for menu, Esc to quit)
Zapping:
d - a wand of random effects (12)
Press: ? - help, Shift-Dir - straight line, f/p - orc wizard
Aim: an orc wizard, wielding a mace and wearing a robe (moderately wounded, moving very quickly)
You hear a mighty clap of thunder!
The bolt of lightning misses the orc wizard.
This wand has 11 charges left.
The orc wizard casts a spell at you. The magic dart hits you!
You die...

....##..######%........#
....##..# #.####...##
....##..# #.#......#
.)......## #.#.##...#
....##...#####)#.######
.......#..[....#.#
....##...#######.#
.#.####.## #.# .#.# #.#
#@# .#.# #.# #(# .#.#
#.# #.# ##.# #.# #o# #.#
#.# #(# #.# #.# #(# #.#
#.# #(# ... #(# .(#


You could see an orc wizard.

Vanquished Creatures
  An ogre (D:4)
  A giant frog (D:3)
  A giant frog skeleton (D:4)
  2 worker ants (D:4)
  Ijyb (D:3)
  A giant mite (D:4)
  4 adders
  A worm (D:4)
  An adder skeleton (D:3)
  4 giant geckos
  2 orcs (D:4)
  A ball python (D:2)
  8 bats
  2 giant cockroaches
  8 goblins
  3 hobgoblins
  9 kobolds
  An ooze (D:3)
  A quokka (D:3)
  3 giant newts
  2 jackals (D:1)
  6 rats
  A butterfly (D:4)
64 creatures vanquished.

Notes
Turn   | Place    | Note
--------------------------------------------------------------
     0 | D:1      | Amnesiac, the Spriggan Artificer, began the quest for the Orb.
     0 | D:1      | Reached XP level 1. HP: 9/9 MP: 2/2
    25 | D:1      | Reached skill level 1 in Fighting
   268 | D:3      | Found a shadowy altar of Dithmenos.
   286 | D:2      | Reached XP level 2. HP: 7/14 MP: 5/5
   712 | D:4      | Noticed an ogre
   765 | D:4      | Killed an ogre
   765 | D:4      | Reached XP level 3. HP: 18/18 MP: 8/8
   765 | D:4      | Reached XP level 4. HP: 22/22 MP: 10/10
   996 | D:4      | Found a staircase to the Ecumenical Temple.
  1007 | Temple   | Entered the Ecumenical Temple
  1068 | D:4      | Reached skill level 5 in Slings
  1068 | D:4      | Reached XP level 5. HP: 3/25 MP: 13/13
  2840 | D:3      | Noticed a giant frog
  2872 | D:3      | Killed a giant frog
  2872 | D:3      | Reached skill level 1 in Throwing
  2872 | D:3      | Reached skill level 5 in Evocations
  3497 | D:3      | Found a deep blue altar of Sif Muna.
  3517 | D:3      | Noticed Ijyb
  3534 | D:3      | Killed Ijyb
  3534 | D:3      | Reached XP level 6. HP: 28/30 MP: 17/17
  3608 | D:3      | Found a white marble altar of Elyvilon.
  3611 | D:3      | Found a basalt altar of Yredelemnul.
  3614 | D:3      | Found a snail-covered altar of Cheibriados.
  4002 | D:4      | Noticed a scorpion
  4003 | D:4      | Noticed a phantom
  4729 | D:4      | Killed from afar by an orc wizard

Action                   |  1- 3 |  4- 6 || total
-------------------------+-------+-------++-------
Melee: Short sword       |    33 |       ||    33
       Mace              |       |   138 ||   138
       Whip              |       |    24 ||    24
 Fire: Sling             |    29 |   111 ||   140
Evoke: Wand              |       |     9 ||     9
  Use: Potion            |       |     1 ||     1
 Stab: Sleeping          |     1 |     5 ||     6
